Workbook
Name inf: #REF!
Name mat: '[1]ESTUDIO DE MERCADO - MATERIALES'!$B$8:$D$626

Sheet SAN ANTONIO 
A1: CONDICIONES CONTRACTUALES | L1: ACTA DE MODIFICACIÓN No.1
L2: MAYORES CANTIDADES | M2: MENORES CANTIDADES | N2: CANTIDADES ACTUALES | O2: VALOR TOTAL
A4: ITEM | B4: DESCRIPCION | H4: UNIDAD | I4: CANTIDAD | J4: VR UNITARIO | K4: VR PARCIAL | L4: CANTIDAD | M4: CANTIDAD | N4: CANTIDAD | O4: VALOR
A5: MURO DE CONTENCIÓN | K5: =SUM(K6:K10) -> 33654247
A6: 1 | B6: =MEMORIAS!B5 -> EXCAVACIÓN MANUAL de material heterogéneo, bajo cualquier grado de humedad. Incluye: roca descompuesta, bolas de roca de volumen inferior a 0.35 m³., el cargue, transporte interno y externo, botada de material proveniente de las excavaciones en el botadero destinado por el municipio o los sitios donde indique la interventoría y su medida será en el sitio. No incluye entibado. | H6: m3 | I6: =MEMORIAS!L5 -> 19.98 | J6: ='APU''S'!H39 -> 41057 | K6: =I6*J6 -> 820318.86 | L6: 0 | M6: =+I6-(15*(5/2)*(0.5/2)) -> 10.605 | N6: =I6-M6 -> 9.375 | O6: =J6*N6 -> 384909.38
A7: 2 | B7: =MEMORIAS!B10 -> LLENOS CON MATERIAL DE PRÉSTAMO, compactados mecánicamente hasta obtener una densidad del 98% de la máxima obtenida en el ensayo del Próctor modificado. Incluye el suministro, transporte, colocación de la arenilla, la compactación de la misma y transporte interno. Y su medida será en sitio ya compactado. | H7: m3 | I7: =MEMORIAS!K10 -> 8.1 | J7: ='APU''S'!H81 -> 104055 | K7: =I7*J7 -> 842845.5 | L7: =40.17000001-I7 -> 32.07 | M7: 0 | N7: =I7+L7 -> 40.17 | O7: =J7*N7 -> 4179889.4
A8: 3 | B8: =MEMORIAS!B16 -> Construcción de MURO DE CONTENCIÓN en concreto de 21 Mpa con acelerante tipo Sikaset L o equivalente, espesor segun diseño. Incluye suministro, transporte y colocación del concreto para el vastago y la fundación, formaleta para acabado a la vista en la parte frontal, de tal forma que garantice una superficie pareja y homogénea, vibrado, protección, curado y todos los demás elementos necesarios para su correcto armado y vaciado. El acero de refuerzo se pagará en su respectivo item según diseño. | H8: m3 | I8: =MEMORIAS!P16 -> 21.88 | J8: ='APU''S'!H131 -> 924500 | K8: =I8*J8 -> 20228060 | L8: 0 | M8: =I8 -> 21.88 | N8: =I8-M8 -> 0 | O8: =J8*N8 -> 0
A9: 4 | B9: =MEMORIAS!B20 -> Suministro, transporte e instalación de ACERO DE REFUERZO FIGURADO Fy= 420 MPa-60000 PSI, corrugado. Incluye transporte con descarga, transporte interno, alambre de amarre, certificados y todos los elementos necesarios para su correcta instalación, según diseño y recomendaciones estructurales. | H9: kg | I9: =MEMORIAS!L20 -> 1170 | J9: ='APU''S'!H174 -> 9628 | K9: =I9*J9 -> 11264760 | L9: 0 | M9: =I9 -> 1170 | N9: =I9-M9 -> 0 | O9: =J9*N9 -> 0
A10: 5 | B10: =MEMORIAS!B25 -> Construcción de Filtro en geotextil NT - 2000, geodrén, piedra para filtro entre 1-3" y todos los elementos necesarios para su correcto funcionamiento, altura según diseño (largo 20 metros, alto con pendiente de 5 a 0 metros) | H10: m2 | I10: =MEMORIAS!L25 -> 11.25 | J10: ='APU''S'!H217 -> 44290 | K10: =I10*J10 -> 498262.5 | L10: =(3*15)-I10 -> 33.75 | M10: 0 | N10: =I10+L10 -> 45 | O10: =J10*N10 -> 1993050
A11: LOSAS DE CONCRETO HIDRAULICO | K11: =SUM(K12:K14) -> 11129932 | O11: =J11*N11 -> 0
A12: 6 | B12: Demolición placa en concreto existente con rotomartillo incluye cortes con pulidora o cortadora de piso, derecho a botadero y todo lo necesario para su correcta ejecución. | H12: m2 | I12: =MEMORIAS!L30 -> 60 | J12: ='APU''S'!H260 -> 34837 | K12: =I12*J12 -> 2090220 | L12: 0 | M12: 0 | N12: =I12+L12 -> 60 | O12: =J12*N12 -> 2090220
A13: 7 | B13: Suministro y colocación de concreto Hidraulico para losas de pavimento; Fc 3000 psi minimo. incluye formaleta. vibrado. texturizado. curado y demas actividades para su correcta colocacion | H13: m3 | I13: =MEMORIAS!L35 -> 9 | J13: ='APU''S'!H310 -> 924500 | K13: =I13*J13 -> 8320500 | L13: 0 | M13: =I13 -> 9 | N13: =I13-M13 -> 0 | O13: =J13*N13 -> 0
A14: 8 | B14: Suministro, transporte e instalación de ACERO DE REFUERZO FIGURADO Fy= 420 MPa-60000 PSI, corrugado. Incluye transporte con descarga, transporte interno, alambre de amarre, certificados y todos los elementos necesarios para su correcta instalación, según diseño y recomendaciones estructurales. | H14: kg | I14: =MEMORIAS!L39 -> 74.7 | J14: ='APU''S'!H352 -> 9628 | K14: =ROUND(I14*J14,0) -> 719212 | L14: 0 | M14: =I14 -> 74.7 | N14: =I14-M14 -> 0 | O14: =J14*N14 -> 0
A15: OE-1 | B15: Construcción de elementos estructurales en concreto de 21 Mpa para muro de contención y losas de pavimento. | H15: m3 | I15: 0 | J15: ='APUS OE'!H43 -> 788046 | K15: =I15*J15 -> 0 | L15: 13.799136 | M15: 0 | N15: =I16+L15 -> 13.799136 | O15: =J15*N15 -> 10874354
A16: OE-2 | B16: Muro de contención en bloque relleno en concreto de 21 Mpa en todas las celdas, el acero y elementos estructurales se pagan en su respectivo item. | H16: m2 | I16: 0 | J16: ='APUS OE'!H89 -> 376423 | K16: =I16*J16 -> 0 | L16: =3*15 -> 45 | M16: 0 | N16: =I17+L16 -> 45 | O16: =J16*N16 -> 16939035
A17: OE-3 | B17: Concreto ciclópeo (producción): Mezclado en sitio o planta móvil, transporte interno, colocación, vibrado y curado del concreto ciclópeo. | H17: m3 | I17: 0 | J17: ='APUS OE'!H178 -> 434371 | K17: =I17*J17 -> 0 | L17: =0.6 -> 0.6 | M17: 0 | N17: =I18+L17 -> 0.6 | O17: =J17*N17 -> 260622.6
A18: OE-4 | B18: Revoque liso con acabado lavado realizado con mortero sobre cara exterior de muro de contención. | H18: m2 | I18: 0 | J18: ='APUS OE'!H225 -> 38851 | K18: =I18*J18 -> 0 | L18: =15*3 -> 45 | M18: 0 | N18: =I19+L18 -> 45 | O18: =J18*N18 -> 1748295
A19: OE-5 | B19: Suministro, figuración e instalación de acero de refuerzo 60.000 psi, para elementos estructulaes de muro de contención y losas de hormigon, incluye todos los elementos necesarios para su instalación. | H19: kg | I19: 0 | J19: ='APUS OE'!H132 -> 7481 | K19: =I19*J19 -> 0 | L19: 898.4 | M19: 0 | N19: =I20+L19 -> 898.4 | O19: =J19*N19 -> 6720930.4
H20: SUBTOTAL COSTO DIRECTO | K20: =ROUNDDOWN((K5+K11),0) -> 44784178 | O20: =ROUNDUP(SUM(O6:O19),0) -> 45191306
G21: Administracion | J21: =11% -> 0.11 | K21: =J21*K20 -> 4926259.6 | N21: =ADMINISTRACIÓN!F34 -> 0.1 | O21: =ADMINISTRACIÓN!G36 -> 4519131
I22: VALOR TOTAL PROYECTO | K22: =ROUNDDOWN(K20+K21,0) -> 49710437 | O22: =O20+O21 -> 49710437
I23: Aporte MUNICIPIO | K23: 49000000 | O23: 49000000
I24: APORTE JAC (especie) | K24: =K22-K23 -> 710437 | O24: 710437
E34: Logitudes | H34: ACERO 1/2
E35: 2.1 | H35: =(15+15+15)*4 -> 180
B36: 6 col | C36: 30*30 | E36: 1.9 | H36: =6*4*3.5 -> 84 | I36: ACERO 3/8
B37: viga | C37: 35*35 | E37: 2.1 | G37: =(0.5-0.07-0.07)*4 -> 1.44 | H37: =(15/0.15) -> 100 | I37: =G37*H37 -> 144
E38: 2.7 | G38: =(0.3-0.04-0.04)*4 -> 0.88 | H38: =(3/0.15) -> 20 | I38: =H38*6 -> 120
E39: 2.8 | G39: =(0.3-0.04-0.04)*4 -> 0.88 | H39: =15/0.15 -> 100 | I39: =G39*H39*2 -> 176
E40: 2.7 | H40: =H35+H36 -> 264 | I40: 0.994 | J40: =H40*I40 -> 262.416
E41: =SUM(E35:E40) -> 14.3 | H41: =I37+I38+I39 -> 440 | I41: 0.56 | J41: =H41*I41 -> 246.4
E42: 14.5 | J42: =J40+J41 -> 508.816

Sheet Hoja1

Sheet ADMINISTRACIÓN
B2: CARGO /OFICIO | C2: CANTIDAD | D2: SUELDO O TARIFA MENSUAL | E2: DEDICACION MENSUAL | F2: DURACION TOTAL | G2: VALOR PARCIAL
B3: COSTOS DE PERSONAL
B4: PERSONAL PROFECIONAL O TECNICO
B5: ING CIVIL DIRECTOR DE OBRA | G5: =+C5*D5*E5*F5 -> 0
B6: OFICIAL DE PRIMERA | G6: =+D6*C6*F6 -> 0
B7: TECNICO EN CONSTRUCIONES DE OBRA | G7: =+C7*D7*E7*F7 -> 0
B8: SUB TORAL COSTO DE PERSONAL
B9: FACTOR PRESTACIONAL (FP= 1,47). (A) | G9: 1.65
B11: TOTAL COSTO DE PERSONAL CON FACTOR PRESTACIONAL | G11: =+G9*(G5+G7+G6) -> 0
B13: GASTOS DE OFICINA
B15: TOTAL GASTOA DE OFICNA, TRANSPORTE, PAPELERÍA (B) | D15: 200000 | F15: 2 | G15: =D15*F15 -> 400000
B17: VALOR BASICO = A+B = C | F17: 1 | G17: =+G15+G11+G16 -> 400000
B19: GASTOS DIRECTOS NO REEMBOLSABLES (sobre el valor total del proyecto)
B20: ESTAMPILLA PRO CULTURA (0,5%) | G20: 0
B21: ESTAMPILLA PARA BIENESTA DEL ADULTO MAYOR (4%) | G21: 0
B22: ESTAMPILLA PRO DEPORTES (2,5)%) | G22: 0
B23: ESTAMPILLA PRO HOSPITALES PUBLICOS (1%) | G23: 0
B24: CONTRIBUCION ESPECIAL DE SEGURIDAD (5%) | G24: =5%*G37 -> 2485521.9
B25: 50% DEL IMPUESTO DEL 4/1000 | G25: 0
B26: 50% DEL IMPUESTO DE INDUSTRIA Y COMERCIO (1%) | G26: 0
B27: POLIZAS | G27: =H61 -> 1436953.9
B29: TOTAL GASTOS DIRECTOS NO REEMBOLSABLES (D) | G29: =+SUM(G20:G27) -> 3922475.7
B30: SUBTOTAL DE COSTOS DE ADMNISTRACION | G30: =+G29+G17 -> 4322475.7
B31: SUBTOTAL COSTOS DIRECTOS DE OBRA | G31: ='SAN ANTONIO '!O20 -> 45191306
B33: VALOR COSTO DIRECTO | G33: ='SAN ANTONIO '!O20 -> 45191306
B34: TOTAL PORCENTAJE ADMINITRACION (%) | F34: =ROUNDUP(G30/G33,2) -> 0.1 | G34: =ROUNDUP(+G33*F34,0) -> 4519131
B35: TOTAL UTILIDAD (%) | F35: 0 | G35: =+G33*F35 -> 0
B36: TOTAL A U (%) | F36: =+F34+F35 -> 0.1 | G36: =+G34+G35 -> 4519131
B37: VALOR TOTAL DEL PROYECTO (AU INCLUIDO) | G37: =G33+G36 -> 49710437
B44: CÁLCULO DE PÓLIZAS OBRA
B46: VALOR DEL CONTRATO ( $ ) | C46: =G37 -> 49710437
B47: PLAZO ESTIMADO GARANTÍAS | C47: 2 | D47: =+IFERROR(C47*30,"") -> 60
B48: ANTICIPO | C48: 0 | D48: =+IFERROR(C48*C46,"") -> 0
B50: TIPO DE GARANTÍA | C50: VALOR ASEGURADO | F50: COBERTURA ( DÍAS ) | G50: TASA ANUAL | H50: PRIMA
C51: % | D51: BASE | E51: VALOR
B52: CUMPLIMIENTO | C52: 0.2 | D52: =$C$46 -> 49710437 | E52: =+IFERROR(C52*D52,"") -> 9942087.4 | F52: =+IFERROR($C$4+180,"") -> 180 | G52: 0.007 | H52: =+IFERROR(G52*E52*F52/360,"") -> 34797.306
B53: BUEN MANEJO Y CORRECTA INVERSIÓN DEL ANTICIPO | C53: 0 | D53: =$C$46 -> 49710437 | E53: =+IFERROR(C53*D53,"") -> 0 | F53: =+IFERROR($C$4+180,"") -> 180 | G53: 0.007 | H53: =+IFERROR(G53*E53*F53/360,"") -> 0
B54: SALARIOS Y PRESTACIONES SOCIALES | C54: 0.1 | D54: =$C$46 -> 49710437 | E54: =+IFERROR(C54*D54,"") -> 4971043.7 | F54: =+IFERROR($C$4+1080,"") -> 1080 | G54: 0.007 | H54: =+IFERROR(G54*E54*F54/360,"") -> 104391.92
B55: CALIDAD DEL SERVICIO | C55: 0.2 | D55: =$C$46 -> 49710437 | E55: =+IFERROR(C55*D55,"") -> 9942087.4 | F55: =+IF($B$3="","",1800) -> 1800 | G55: 0.007 | H55: =+IFERROR(G55*E55*F55/360,"") -> 347973.06
B56: DECRETO 1082 SMMLV RESPONSABILIDAD CIVIL | C56: SMMLV | D56: MONTO ASEGURABLE | F56: PLAZO MESES | G56: TASA ANUAL | H56: PRIMA
B57: 200 | C57: 1750905 | D57: =+IFERROR(IF(D46>10000,D46+5%,B57*C57),"") -> 350181000 | F57: =C47 -> 2 | G57: 0.012 | H57: =D57*F57*G57/12 -> 700362
B58: SUBTOTAL PRIMA | H58: =SUM(H52:H55)+H57 -> 1187524.3
B59: GASTOS DE EXPEDICIÓN | H59: =+IF(H58="","",20000) -> 20000
B60: I.V.A. | H60: =+IFERROR((H58+H59)*0.19,"") -> 229429.61
B61: TOTAL POLIZAS | H61: =IF(H58="","",SUM(H58:H60)) -> 1436953.9

Sheet MEMORIAS
A4: ITEM | B4: DESCRIPCION | H4: ANCHO m | I4: LARGO m | J4: UNIDADES | K4: AREA m2 | L4: vol m3
A5: 1 | B5: EXCAVACIÓN MANUAL de material heterogéneo, bajo cualquier grado de humedad. Incluye: roca descompuesta, bolas de roca de volumen inferior a 0.35 m³., el cargue, transporte interno y externo, botada de material proveniente de las excavaciones en el botadero destinado por el municipio o los sitios donde indique la interventoría y su medida será en el sitio. No incluye entibado. | L5: =(3.3*9*0.4)+ (0.3*3*9) -> 19.98 | P5: 9 metros de muro
A9: ITEM | B9: DESCRIPCION | H9: ANCHO m | I9: LARGO m | J9: ESPESOR m | K9: VOL m3
A10: 2 | B10: LLENOS CON MATERIAL DE PRÉSTAMO, compactados mecánicamente hasta obtener una densidad del 98% de la máxima obtenida en el ensayo del Próctor modificado. Incluye el suministro, transporte, colocación de la arenilla, la compactación de la misma y transporte interno. Y su medida será en sitio ya compactado. | H10: 3 | I10: 9 | J10: 0.3 | K10: =H10*I10*J10 -> 8.1
A15: ITEM | B15: DESCRIPCION | H15: ANCHO m | I15: LARGO m | J15: ESPESOR m | K15: VOL m3 zapata | L15: ANCHO m | M15: LARGO m | N15: ESPESOR m | O15: VOL m3 vastago
A16: 3 | B16: Construcción de MURO DE CONTENCIÓN en concreto de 21 Mpa con acelerante tipo Sikaset L o equivalente, espesor segun diseño. Incluye suministro, transporte y colocación del concreto para el vastago y la fundación, formaleta para acabado a la vista en la parte frontal, de tal forma que garantice una superficie pareja y homogénea, vibrado, protección, curado y todos los demás elementos necesarios para su correcto armado y vaciado. El acero de refuerzo se pagará en su respectivo item según diseño. | H16: 3.3 | I16: 9 | J16: 0.4 | K16: =H16*J16*I16 -> 11.88 | L16: =(5/2) -> 2.5 | M16: 10 | N16: 0.4 | O16: =L16*M16*N16 -> 10 | P16: =K16+O16 -> 21.88
A19: ITEM | B19: DESCRIPCION | H19: ANCHO m | I19: LARGO m | J19: AREA m2 | K19: kg/ml | L19: TOTAL kg
A20: 4 | B20: Suministro, transporte e instalación de ACERO DE REFUERZO FIGURADO Fy= 420 MPa-60000 PSI, corrugado. Incluye transporte con descarga, transporte interno, alambre de amarre, certificados y todos los elementos necesarios para su correcta instalación, según diseño y recomendaciones estructurales. | K20: 234 | L20: =(K20/2)*10 -> 1170
A24: ITEM | B24: DESCRIPCION | H24: ANCHO m | I24: LARGO m | J24: AREA m2 | K24: cantidad | L24: total m2
A25: 5 | B25: Construcción de Filtro en geotextil NT - 2000, geodrén, piedra para filtro entre 1-3" y todos los elementos necesarios para su correcto funcionamiento, altura según diseño (largo 20 metros, alto con pendiente de 5 a 0 metros) | H25: 2.5 | I25: 9 | J25: =H25*I25/2 -> 11.25 | K25: 1 | L25: =J25*K25 -> 11.25
A29: ITEM | B29: DESCRIPCION | H29: ANCHO m | I29: LARGO m | J29: AREA m2 | K29: cantidad | L29: total m2
A30: 6 | B30: Demolición placa en concreto existente con rotomartillo incluye cortes con pulidora o cortadora de piso, derecho a botadero y todo lo necesario para su correcta ejecució | H30: 2 | I30: 3 | J30: =H30*I30 -> 6 | K30: 10 | L30: =J30*K30 -> 60 | O30: 10 placas
A34: ITEM | B34: DESCRIPCION | H34: ANCHO m | I34: LARGO m | J34: espesor m | K34: cantidad | L34: total m3
A35: 7 | B35: Suministro y colocación de concreto Hidraulico para losas de pavimento; Fc 30000 psi minimo. incluye formaleta. vibrado. texturizado. curado y demas actividades para su correcta colocacion | H35: 2 | I35: 3 | J35: 0.15 | K35: 10 | L35: =H35*I35*J35*K35 -> 9
A38: ITEM | B38: DESCRIPCION | H38: ANCHO m | I38: LARGO m | J38: peso barra | K38: cantidad | L38: total m2
A39: 8 | B39: ='SAN ANTONIO '!$B$14:$G$14 -> Suministro, transporte e instalación de ACERO DE REFUERZO FIGURADO Fy= 420 MPa-60000 PSI, corrugado. Incluye transporte con descarga, transporte interno, alambre de amarre, certificados y todos los elementos necesarios para su correcta instalación, según diseño y recomendaciones estructurales. | I39: 0.5 | J39: 0.996 | K39: =(3*10)/0.2 -> 150 | L39: =J39*K39*I39 -> 74.7

Sheet APU'S
D1: ANÁLISIS DE PRECIOS UNITARIOS
A4: ITEM: 1 | B4: EXCAVACIÓN MANUAL de material heterogéneo, bajo cualquier grado de humedad. Incluye: roca descompuesta, bolas de roca de volumen inferior a 0.35 m³., el cargue, transporte interno y externo, botada de material proveniente de las excavaciones en el botadero destinado por el municipio o los sitios donde indique la interventoría y su medida será en el sitio. No incluye entibado. | G4: UNIDAD : m3
A8: I. EQUIPO
A9: Descripción | D9: Tipo | E9: Tarifa/Hora | F9: Rendimiento | G9: Valor-Unit.
A10: herramienta menor 10% M.o | D10: Gl | E10: 30000 | F10: 20 | G10: =E10/F10 -> 1500
G15: Sub-Total | H15: =ROUNDUP(SUM(G10:G12),0) -> 1500
A16: II. MATERIALES EN OBRA
A17: Descripción | D17: Unidad | E17: Precio-Unit. | F17: Cantidad | G17: Valor-Unit.
G21: Sub-Total | H21: =SUM(G18:G20) -> 0
A22: III. TRANSPORTES
A23: Material | C23: Vol. Peso ó Cant. | D23: Distancia | E23: M3-Km | F23: Tarifa | G23: Valor-Unit.
G28: Sub-Total | H28: =G24 -> 0
A29: IV. MANO DE OBRA
A30: Trabajador | C30: Jornal | D30: Prestaciones | E30: Jornal Total | F30: Rendimiento | G30: Valor-Unit.
A31: 1 oficial y 2 ayudantes | C31: =100%*E31/D31 -> 217344.63 | D31: 1.82 | E31: 395567.22 | F31: 0.1 | G31: =E31*F31 -> 39556.722
G37: Sub-Total | H37: =ROUNDUP(SUM(G31:G32),0) -> 39557
E39: Total Costo Directo | H39: =ROUND(SUM(H15+H21+H28+H37),0) -> 41057
D43: ANÁLISIS DE PRECIOS UNITARIOS
A46: ITEM: 2 | B46: LLENOS CON MATERIAL DE PRÉSTAMO, compactados mecánicamente hasta obtener una densidad del 98% de la máxima obtenida en el ensayo del Próctor modificado. Incluye el suministro, transporte, colocación de la arenilla, la compactación de la misma y transporte interno. Y su medida será en sitio ya compactado. | G46: UNIDAD : m3
A50: I. EQUIPO
A51: Descripción | D51: Tipo | E51: Tarifa/Hora | F51: Rendimiento | G51: Valor-Unit.
A52: herramienta menor 10% M.o | D52: Gl | G52: =0.1*H79 -> 1186.8
G57: Sub-Total | H57: =ROUNDUP(SUM(G52:G54),0) -> 1187
A58: II. MATERIALES EN OBRA
A59: Descripción | D59: Unidad | E59: Precio-Unit. | F59: Cantidad | G59: Valor-Unit.
A60: Material seleccionado para lleno | D60: m3 | E60: 70000 | F60: 1.3 | G60: =E60*F60 -> 91000
G63: Sub-Total | H63: =SUM(G60:G62) -> 91000
A64: III. TRANSPORTES
A65: Material | C65: Vol. Peso ó Cant. | D65: Distancia | E65: M3-Km | F65: Tarifa | G65: Valor-Unit.
G70: Sub-Total | H70: 0
A71: IV. MANO DE OBRA
A72: Trabajador | C72: Jornal | D72: Prestaciones | E72: Jornal Total | F72: Rendimiento | G72: Valor-Unit.
A73: 1 oficial y 2 ayudantes | C73: =100%*E73/D73 -> 217344.63 | D73: 1.82 | E73: 395567.22 | F73: 0.03 | G73: =E73*F73 -> 11867.017
G79: Sub-Total | H79: =ROUNDUP(SUM(G73:G74),0) -> 11868
E81: Total Costo Directo | H81: =ROUND(SUM(H57+H63+H70+H79),0) -> 104055
D86: ANÁLISIS DE PRECIOS UNITARIOS
A89: ITEM: 3 | B89: Construcción de MURO DE CONTENCIÓN en concreto de 21 Mpa con acelerante tipo Sikaset L o equivalente, espesor segun diseño. Incluye suministro, transporte y colocación del concreto para el vastago y la fundación, formaleta para acabado a la vista en la parte frontal, de tal forma que garantice una superficie pareja y homogénea, vibrado, protección, curado y todos los demás elementos necesarios para su correcto armado y vaciado. El acero de refuerzo se pagará en su respectivo item según diseño. | G89: UNIDAD : m3
A93: I. EQUIPO
A94: Descripción | D94: Tipo | E94: Tarifa/Hora | F94: Rendimiento | G94: Valor-Unit.
A95: herramienta menor 10% M.o | D95: Gl | E95: 20000 | F95: 0.2 | G95: =E95*F95 -> 4000
A96: molinete | D96: día | E96: 10000 | F96: 0.05 | G96: =E96*F96 -> 500
A97: vibrador de concreto | D97: día | E97: 36000 | F97: 0.08 | G97: =E97*F97 -> 2880
A98: formaleta en tabla comun | D98: día | E98: 2150 | F98: 3 | G98: =E98*F98 -> 6450
G100: Sub-Total | H100: =ROUNDUP(SUM(G95:G97),0) -> 7380
A101: II. MATERIALES EN OBRA
A102: Descripción | D102: Unidad | E102: Precio-Unit. | F102: Cantidad | G102: Valor-Unit.
A103: Concreto 3000 psi | D103: m3 | E103: 730000 | F103: 1.05 | G103: =E103*F103 -> 766500
A104: anisol para curar concreto | D104: kg | E104: 11320 | F104: 0.2 | G104: =E104*F104 -> 2264
A105: puntilla | D105: lb | E105: 9900 | F105: 0.04 | G105: =E105*F105 -> 396
A106: acelerante para concreto | D106: kg | E106: 19600 | F106: 0.2 | G106: =E106*F106 -> 3920
G113: Sub-Total | H113: =SUM(G103:G112) -> 773080
A114: III. TRANSPORTES
A115: Material | C115: Vol. Peso ó Cant. | D115: Distancia | E115: M3-Km | F115: Tarifa | G115: Valor-Unit.
A116: Transporte interno matrial | C116: 0.1 | D116: m3 | E116: 11 | F116: 1400 | G116: =C116*E116*F116 -> 1540
G120: Sub-Total | H120: =G116 -> 1540
A121: IV. MANO DE OBRA
A122: Trabajador | C122: Jornal | D122: Prestaciones | E122: Jornal Total | F122: Rendimiento | G122: Valor-Unit.
A123: 1 oficial y 7 ayudantes | C123: =100%*E123/D123 -> 521978.02 | D123: 1.82 | E123: 950000 | F123: 0.15 | G123: =E123*F123 -> 142500
G129: Sub-Total | H129: =ROUNDUP(SUM(G123:G124),0) -> 142500
E131: Total Costo Directo | H131: =ROUND(SUM(H100+H113+H120+H129),0) -> 924500
D136: ANÁLISIS DE PRECIOS UNITARIOS
A139: ITEM: 4 | B139: Suministro, transporte e instalación de ACERO DE REFUERZO FIGURADO Fy= 420 MPa-60000 PSI, corrugado. Incluye transporte con descarga, transporte interno, alambre de amarre, certificados y todos los elementos necesarios para su correcta instalación, según diseño y recomendaciones estructurales. | G139: UNIDAD : Kg
A143: I. EQUIPO
A144: Descripción | D144: Tipo | E144: Tarifa/Hora | F144: Rendimiento | G144: Valor-Unit.
A145: herramienta menor 10% M.o | D145: Gl | G145: =0.1*H172 -> 336.6
G150: Sub-Total | H150: =ROUNDUP(SUM(G145:G147),0) -> 337
A151: II. MATERIALES EN OBRA
A152: Descripción | D152: Unidad | E152: Precio-Unit. | F152: Cantidad | G152: Valor-Unit.
A153: alambre quemado | D153: kg | E153: 7500 | F153: 0.02 | G153: =E153*F153 -> 150
A154: Acero de refuerzo fy 420 grado 60 | D154: kg | E154: 5500 | F154: 1.05 | G154: =E154*F154 -> 5775
P156: triturado3/4 para filto | S156: m3/ml | T156: 70000 | U156: 1.05 | V156: =T156*U156 -> 73500
G157: Sub-Total | H157: =SUM(G153:G156) -> 5925 | Q157: geotextil nt-2000 | S157: m2/ml | U157: 5
A158: III. TRANSPORTES
A159: Material | C159: Vol. Peso ó Cant. | D159: Distancia | E159: M3-Km | F159: Tarifa | G159: Valor-Unit.
G164: Sub-Total | H164: =G160 -> 0
A165: IV. MANO DE OBRA
A166: Trabajador | C166: Jornal | D166: Prestaciones | E166: Jornal Total | F166: Rendimiento | G166: Valor-Unit.
A167: acero: 1 oficial y 2 ayudantes | C167: =100%*E167/D167 -> 217582.42 | D167: 1.82 | E167: 396000 | F167: 0.0085 | G167: =E167*F167 -> 3366
G172: Sub-Total | H172: =ROUNDUP(SUM(G167:G167),0) -> 3366
E174: Total Costo Directo | H174: =ROUND(SUM(H150+H157+H164+H172),0) -> 9628
D179: ANÁLISIS DE PRECIOS UNITARIOS
A182: ITEM: 5 | B182: Construcción de Filtro en geotextil NT - 2000, geodrén, piedra para filtro entre 1-3" y todos los elementos necesarios para su correcto funcionamiento, altura según diseño (largo 20 metros, alto con pendiente de 5 a 0 metros) | G182: UNIDAD : m2
A186: I. EQUIPO
A187: Descripción | D187: Tipo | E187: Tarifa/Hora | F187: Rendimiento | G187: Valor-Unit.
A188: herramienta menor 10% M.o | D188: Gl | E188: 20000 | F188: 0.2 | G188: =E188*F188 -> 4000
G193: Sub-Total | H193: =ROUNDUP(SUM(G188:G190),0) -> 4000
A194: II. MATERIALES EN OBRA
A195: Descripción | D195: Unidad | E195: Precio-Unit. | F195: Cantidad | G195: Valor-Unit.
A196: geotextil no tejido 2000 1,6 a 3,5m | D196: m2 | E196: 6000 | F196: 1.05 | G196: =E196*F196 -> 6300
A197: triturado 3/4 | D197: m3 | E197: 70000 | F197: 0.25 | G197: =E197*F197 -> 17500
A198: tubería pvc perforada de 100 mm (4") | D198: m | E198: 25000 | F198: 0.4 | G198: =E198*F198 -> 10000
G200: Sub-Total | H200: =SUM(G196:G199) -> 33800
A201: III. TRANSPORTES
A202: Material | C202: Vol. Peso ó Cant. | D202: Distancia | E202: M3-Km | F202: Tarifa | G202: Valor-Unit.
A203: Transporte interno matrial | C203: 0.05 | D203: m3 | E203: 11 | F203: 1000 | G203: =C203*E203*F203 -> 550
G207: Sub-Total | H207: =G203 -> 550
A208: IV. MANO DE OBRA
A209: Trabajador | C209: Jornal | D209: Prestaciones | E209: Jornal Total | F209: Rendimiento | G209: Valor-Unit.
A210: 1 oficial y 2 ayudantes | C210: =100%*E210/D210 -> 217582.42 | D210: 1.82 | E210: 396000 | F210: 0.015 | G210: =E210*F210 -> 5940
G215: Sub-Total | H215: =ROUNDUP(SUM(G210:G210),0) -> 5940
...

Sheet APUS OE
D1: ANÁLISIS DE PRECIOS UNITARIOS
A4: ITEM: OE-1 | B4: Construcción de elementos estructurales en concreto de 21 Mpa para muro de contención y losas de pavimento. | G4: UNIDAD : m3
A8: I. EQUIPO
A9: Descripción | D9: Tipo | E9: Tarifa/Hora | F9: Rendimiento | G9: Valor-Unit.
A10: herramienta menor | E10: =H41 -> 142500 | F10: 20 | G10: =E10/F10 -> 7125
A11: vibrador de concreto | D11: día | E11: 75000 | F11: 5 | G11: =E11/F11 -> 15000
A12: formaleta en tabla comun | D12: día | E12: 55000 | F12: 4 | G12: =E12/F12 -> 13750
G14: Sub-Total | H14: =ROUNDUP(SUM(G10:G12),0) -> 35875
A15: II. MATERIALES EN OBRA
A16: Descripción | D16: Unidad | E16: Precio-Unit. | F16: Cantidad | G16: Valor-Unit.
A17: Concreto 3000 psi | D17: m3 | E17: 580000 | F17: 1.05 | G17: =E17*F17 -> 609000
A18: puntilla | D18: lb | E18: 9900 | F18: 0.04 | G18: =E18*F18 -> 396
G25: Sub-Total | H25: =SUM(G17:G24) -> 609396
A26: III. TRANSPORTES
A27: Material | C27: Vol. Peso ó Cant. | D27: Distancia | E27: M3-Km | F27: Tarifa | G27: Valor-Unit.
A28: Transporte interno matrial | C28: 0.1 | D28: m3 | E28: 11 | F28: 250 | G28: =C28*E28*F28 -> 275
G32: Sub-Total | H32: =G28 -> 275
A33: IV. MANO DE OBRA
A34: Trabajador | C34: Jornal | D34: Prestaciones | E34: Jornal Total | F34: Rendimiento | G34: Valor-Unit.
A35: 1 oficial y 7 ayudantes | C35: =100%*E35/D35 -> 521978.02 | D35: 1.82 | E35: 950000 | F35: 0.15 | G35: =E35*F35 -> 142500
G41: Sub-Total | H41: =ROUNDUP(SUM(G35:G36),0) -> 142500
E43: Total Costo Directo | H43: =ROUND(SUM(H14+H25+H32+H41),0) -> 788046
D47: ANÁLISIS DE PRECIOS UNITARIOS
A50: ITEM: OE-2 | B50: Muro de contención en bloque relleno en concreto de 21 Mpa en todas las celdas, el acero y elementos estructurales se pagan en su respectivo item. | G50: UNIDAD : m2
A54: I. EQUIPO
A55: Descripción | D55: Tipo | E55: Tarifa/Hora | F55: Rendimiento | G55: Valor-Unit.
A56: herramienta menor | E56: =H87 -> 142500 | F56: 20 | G56: =E56/F56 -> 7125
A57: vibrador de concreto | D57: día | E57: 75000 | F57: 5 | G57: =E57/F57 -> 15000
A58: formaleta en tabla comun | D58: día | E58: 55000 | F58: 4 | G58: =E58/F58 -> 13750
G60: Sub-Total | H60: =ROUNDUP(SUM(G56:G58),0) -> 35875
A61: II. MATERIALES EN OBRA
A62: Descripción | D62: Unidad | E62: Precio-Unit. | F62: Cantidad | G62: Valor-Unit.
A63: Bloque de concreto, liso estándar, color gris, 40x20x20 cm, resistencia normalizada R10 (10 N/mm²), | D63: und | E63: 4500 | F63: 11.5 | G63: =E63*F63 -> 51750
A64: mortero de pega 1:3 | D64: m3 | E64: 410000 | F64: 0.03 | G64: =E64*F64 -> 12300
A65: Concreto 3000 psi | D65: m3 | E65: =E17 -> 580000 | F65: =0.0435*5*1*1.05 -> 0.228375 | G65: =E65*F65 -> 132457.5
J66: =0.2*0.2 -> 0.04
G71: Sub-Total | H71: =SUM(G63:G70) -> 196507.5
A72: III. TRANSPORTES
A73: Material | C73: Vol. Peso ó Cant. | D73: Distancia | E73: M3-Km | F73: Tarifa | G73: Valor-Unit.
A74: Transporte interno matrial | C74: 0.1 | D74: m3 | E74: 11 | F74: 1400 | G74: =C74*E74*F74 -> 1540
G78: Sub-Total | H78: =G74 -> 1540
A79: IV. MANO DE OBRA
A80: Trabajador | C80: Jornal | D80: Prestaciones | E80: Jornal Total | F80: Rendimiento | G80: Valor-Unit.
A81: 1 oficial y 7 ayudantes | C81: =100%*E81/D81 -> 521978.02 | D81: 1.82 | E81: 950000 | F81: 0.15 | G81: =E81*F81 -> 142500
G87: Sub-Total | H87: =ROUNDUP(SUM(G81:G82),0) -> 142500
E89: Total Costo Directo | H89: =ROUND(SUM(H60+H71+H78+H87),0) -> 376423
D94: ANÁLISIS DE PRECIOS UNITARIOS
A97: ITEM: OE-5 | B97: Suministro, figuración e instalación de acero de refuerzo 60.000 psi, para elementos estructulaes de muro de contención y losas de hormigon, incluye todos los elementos necesarios para su instalación. | G97: UNIDAD : Kg
A101: I. EQUIPO
A102: Descripción | D102: Tipo | E102: Tarifa/Hora | F102: Rendimiento | G102: Valor-Unit.
A103: herramienta menor 10% M.o | D103: Gl | G103: =0.1*H130 -> 435.6
G108: Sub-Total | H108: =ROUNDUP(SUM(G103:G105),0) -> 436
A109: II. MATERIALES EN OBRA
A110: Descripción | D110: Unidad | E110: Precio-Unit. | F110: Cantidad | G110: Valor-Unit.
A111: alambre quemado | D111: kg | E111: 3190 | F111: 0.02 | G111: =E111*F111 -> 63.8
A112: Acero de refuerzo fy 420 grado 60 | D112: kg | E112: 2500 | F112: 1.05 | G112: =E112*F112 -> 2625
G115: Sub-Total | H115: =SUM(G111:G114) -> 2688.8
A116: III. TRANSPORTES
A117: Material | C117: Vol. Peso ó Cant. | D117: Distancia | E117: M3-Km | F117: Tarifa | G117: Valor-Unit.
G122: Sub-Total | H122: =G118 -> 0
A123: IV. MANO DE OBRA
A124: Trabajador | C124: Jornal | D124: Prestaciones | E124: Jornal Total | F124: Rendimiento | G124: Valor-Unit.
A125: acero: 1 oficial y 2 ayudantes | C125: =100%*E125/D125 -> 217582.42 | D125: 1.82 | E125: 396000 | F125: 0.011 | G125: =E125*F125 -> 4356
G130: Sub-Total | H130: =ROUNDUP(SUM(G125:G125),0) -> 4356
E132: Total Costo Directo | H132: =ROUND(SUM(H108+H115+H122+H130),0) -> 7481
D136: ANÁLISIS DE PRECIOS UNITARIOS
A139: ITEM: OE-3 | B139: Concreto ciclópeo (producción): Mezclado en sitio o planta móvil, transporte interno, colocación, vibrado y curado del concreto ciclópeo. | G139: UNIDAD : m3
A143: I. EQUIPO
A144: Descripción | D144: Tipo | E144: Tarifa/Hora | F144: Rendimiento | G144: Valor-Unit.
A145: herramienta menor | E145: =H176 -> 166092 | F145: 20 | G145: =E145/F145 -> 8304.6
G149: Sub-Total | H149: =ROUNDUP(SUM(G145:G147),0) -> 8305
A150: II. MATERIALES EN OBRA
A151: Descripción | D151: Unidad | E151: Precio-Unit. | F151: Cantidad | G151: Valor-Unit.
A152: Arena | D152: m3 | E152: 68000 | F152: 0.3569 | G152: =E152*F152 -> 24269.2
A153: cemento grisl | D153: sc | E153: 38000 | F153: 4.5423 | G153: =E153*F153 -> 172607.4
A154: piedra media zonga | D154: m3 | E154: 60000 | F154: 0.412 | G154: =E154*F154 -> 24720
A155: triturado | D155: m3 | E155: 70000 | F155: 0.5451 | G155: =E155*F155 -> 38157
G160: Sub-Total | H160: =SUM(G152:G159) -> 259753.6
A161: III. TRANSPORTES
A162: Material | C162: Vol. Peso ó Cant. | D162: Distancia | E162: M3-Km | F162: Tarifa | G162: Valor-Unit.
A163: Transporte interno matrial | C163: 0.1 | D163: m3 | E163: 11 | F163: 200 | G163: =C163*E163*F163 -> 220
G167: Sub-Total | H167: =G163 -> 220
A168: IV. MANO DE OBRA
A169: Trabajador | C169: Jornal | D169: Prestaciones | E169: Jornal Total | F169: Rendimiento | G169: Valor-Unit.
A170: 1 oficial y 7 ayudantes | C170: =100%*E170/D170 -> 152098.23 | D170: 1.82 | E170: 276818.78 | F170: 0.6 | G170: =E170*F170 -> 166091.27
G176: Sub-Total | H176: =ROUNDUP(SUM(G170:G171),0) -> 166092
E178: Total Costo Directo | H178: =ROUND(SUM(H149+H160+H167+H176),0) -> 434371
D183: ANÁLISIS DE PRECIOS UNITARIOS
A186: ITEM: OE-4 | B186: Revoque liso con acabado lavado realizado con mortero sobre cara exterior de muro de contención. | G186: UNIDAD : m2
A190: I. EQUIPO
A191: Descripción | D191: Tipo | E191: Tarifa/Hora | F191: Rendimiento | G191: Valor-Unit.
A192: herramienta menor 10% M.o | E192: =H223 -> 27682 | F192: 0.1 | G192: =E192*F192 -> 2768.2
G196: Sub-Total | H196: =ROUNDUP(SUM(G192:G194),0) -> 2769
A197: II. MATERIALES EN OBRA
A198: Descripción | D198: Unidad | E198: Precio-Unit. | F198: Cantidad | G198: Valor-Unit.
A199: mortero 1:4 | D199: m3 | E199: 406265.52 | F199: 0.02 | G199: =E199*F199 -> 8125.3104
A200: aditivo impermeabilizante | D200: kg | E200: 27500 | F200: 0.01 | G200: =E200*F200 -> 275
G207: Sub-Total | H207: =SUM(G199:G206) -> 8400.3104
A208: III. TRANSPORTES
A209: Material | C209: Vol. Peso ó Cant. | D209: Distancia | E209: M3-Km | F209: Tarifa | G209: Valor-Unit.
...
